 Dungeon Crawl Stone Soup version 0.25.1-8-g42b30a86e7 (webtiles) character file.

Game seed: 13451486742576810549

1744 Clowwww the Chopper (level 8, -2/62 HPs)
             Began as a Demonspawn Fighter on Dec 20, 2020.
             Was a Believer of Trog.
             Slain by a troll (5 damage)
             ... on level 7 of the Dungeon.
             The game lasted 00:10:32 (6971 turns).

Clowwww the Chopper (Demonspawn Fighter)            Turns: 6971, Time: 00:10:33

Health: -2/62      AC:  7    Str: 19    XL:     8   Next: 77%
Magic:  8/8        EV: 11    Int:  9    God:    Trog [**....]
Gold:   404        SH: 10    Dex: 19    Spells: 7/7 levels left

rFire    . . .     SeeInvis +   a - +1 war axe
rCold    . . .     Gourm    .   c - +0 kite shield
rNeg     . . .     Faith    .   b - +0 scale mail
rPois    .         Spirit   .   (no helmet)
rElec    .         Reflect  .   (no cloak)
rCorr    .         Harm     .   (no gloves)
MR       .....                  (no boots)
Stlth    +.........             (no amulet)
HPRegen  0.20/turn              g - ring of see invisible
MPRegen  0.11/turn              l - +6 ring of dexterity

@: no status effects
A: repulsion field 1, spiny 2
a: Berserk, Trog's Hand, Renounce Religion


You were on level 7 of the Dungeon.
You worshipped Trog.
Trog was pleased with you.
You were hungry.

You visited 2 branches of the dungeon, and saw 8 of its levels.
You also visited: Ossuary.

You collected 404 gold pieces.

Inventory:

Hand Weapons
 a - a +1 war axe (weapon)
Missiles
 n - 9 boomerangs (quivered)
Armour
 b - a +0 scale mail (worn)
 c - a +0 kite shield (worn)
Jewellery
 g - a ring of see invisible (left hand)
 i - an uncursed ring of magical power {unknown}
 l - a +6 ring of dexterity (right hand)
 v - a cursed ring of teleportation {unknown}
Wands
 C - a wand of acid (5)
Scrolls
 h - 4 scrolls of remove curse
 j - 2 scrolls of magic mapping
 k - a scroll of fear
 m - 3 scrolls of teleportation
 p - a scroll of blinking {unknown}
 q - a scroll of immolation
 t - 5 scrolls of identify
 y - a scroll of acquirement {unknown}
 B - 2 scrolls of fog {unknown}
Potions
 d - a potion of might
 e - 2 potions of magic
 o - a potion of berserk rage
 r - 4 potions of curing
 s - a potion of flight
 u - a potion of degeneration {unknown}
 w - 3 potions of haste
 x - 3 potions of ambrosia
 z - 3 potions of heal wounds
 A - a potion of brilliance {unknown}
Comestibles
 f - 16 rations


   Skills:
 + Level 5.1 Fighting
 + Level 7.0 Axes
 + Level 5.6 Armour
 + Level 2.0 Dodging
 + Level 1.4 Stealth
 + Level 4.4 Shields


You had 7 spell levels left.
You didn't know any spells.
Your spell library was empty.

Dungeon Overview and Level Annotations

Branches:
Dungeon (7/15)             Temple (1/1) D:4         Ossuary (visited)

Altars:
Cheibriados
Elyvilon
Hepliaklqana
Kikubaaqudgha
Makhleb
Nemelex Xobeh
Okawaru
Ru
Trog
Vehumet
Xom
Yredelemnul

Annotations:
D:6 1 runed translucent door


Innate Abilities, Weirdness & Mutations

You are surrounded by a mild repulsion field. (EV +2)
You are mostly covered in sharp spines.


Message History

The troll is lightly wounded.
You barely miss the phantom.
A wyvern comes into view.
The troll is struck by your spines. The troll bites you!
The troll barely misses you. The troll closely misses you.
The phantom hits you but does no damage.
The wyvern moves out of view.
You slash the troll!
The troll is moderately wounded.
You hit the phantom but do no damage. You block the troll's attack. x2
The troll claws you but does no damage.
The phantom hits you but does no damage.
You hit the troll but do no damage.
The troll is moderately wounded.
You slash the phantom! The troll bites you!
* * * LOW HITPOINT WARNING * * *
The troll claws you!
* * * LOW HITPOINT WARNING * * *
The troll claws you.
You die...

# ## ##. +.# #.' .#
#.# #Z# .# #.# #S# .#
#T#W# .# #@#
.#####+##### ###'####
...........###..##..##
.......# ..#..##..##.#
.## ##.##..###..##..##
..###...#..#..##..##.#
..##.....#.+##..##..#+
...........#..##..##.#
.≈≈...>....###..##..##


You could see a troll, a phantom, a water moccasin and a bullfrog zombie.

Vanquished Creatures
  A sky beast (D:5)
  3 ogres
  A phantom (D:4)
  A bullfrog (D:6)
  A water moccasin skeleton (D:6)
  2 scorpions
  2 howler monkeys (D:7)
  3 crimson imps
  5 centaur zombies
  2 hounds
  A bullfrog skeleton (D:5)
  An orc priest (D:4)
  A centaur skeleton (D:5)
  2 orc wizards (D:4)
  Jessica (D:3)
  An iguana (D:5)
  A human skeleton (D:6)
  3 worker ants
  2 big kobold zombies (Ossuary)
  A hound zombie (D:5)
  A hound skeleton (D:4)
  7 mummies
  3 gnolls (D:6)
  A howler monkey skeleton (D:6)
  8 adders
  2 shadow imps
  4 oozes
  A worm (D:5)
  2 adder skeletons
  An adder zombie (D:5)
  A dart slug (D:2)
  4 leopard geckos
  10 orcs
  2 giant cockroaches
  3 goblins
  5 hobgoblins
  9 jackals
  7 kobolds
  10 quokkas
  A ball python (D:3)
  4 bats
  A frilled lizard (D:5)
  2 hobgoblin zombies (Ossuary)
  A kobold skeleton (D:6)
  2 orc zombies (D:5)
  A quokka skeleton (D:4)
  2 rats
130 creatures vanquished.

Notes
Turn   | Place    | Note
-------+----------+-------------------------------------------
     0 | D:1      | Clowwww the Demonspawn Fighter began the quest for the Orb.
     0 | D:1      | Reached XP level 1. HP: 18/18 MP: 1/1
   102 | D:1      | Gained mutation: You are partially covered in sharp spines.
                  | [demonic ancestry]
   102 | D:1      | Reached XP level 2. HP: 24/24 MP: 2/2
   226 | D:1      | Reached skill level 2 in Axes
  1136 | D:2      | Reached XP level 3. HP: 27/29 MP: 3/3
  1239 | D:2      | Found a burning altar of Makhleb.
  1300 | D:2      | Reached XP level 4. HP: 34/35 MP: 4/4
  1395 | D:2      | Found a faded altar of an unknown god.
  1736 | D:3      | Reached skill level 3 in Axes
  2406 | D:3      | Gained mutation: You are mostly covered in sharp spines.
                  | [demonic ancestry]
  2406 | D:3      | Reached XP level 5. HP: 41/41 MP: 5/5
  2666 | D:3      | Noticed Jessica
  2678 | D:3      | Killed Jessica
  2704 | D:3      | HP: 2/42 [poisoned by Jessica]
  2712 | D:3      | HP: 1/42 [poisoned by Jessica]
  3178 | D:4      | Found a staircase to the Ecumenical Temple.
  3197 | Temple   | Entered the Ecumenical Temple
  3203 | Temple   | Became a worshipper of Trog the Wrathful
  3248 | D:4      | Noticed an ogre
  3255 | D:4      | Killed an ogre
  3255 | D:4      | Reached XP level 6. HP: 43/48 MP: 6/6
  3598 | D:4      | Reached skill level 4 in Axes
  3894 | D:4      | Reached skill level 1 in Stealth
  3968 | D:4      | Reached XP level 7. HP: 51/54 MP: 7/7
  4168 | D:4      | Got a warped ring mail
  4179 | D:4      | Identified the +0 ring mail of Ornamental Brilliance
                  | {Int+4} (You found it on level 4 of the Dungeon)
  4575 | D:5      | Entered Level 5 of the Dungeon
  4644 | D:5      | Reached skill level 5 in Axes
  4688 | D:5      | Found a sand-covered staircase.
  4716 | Ossuary  | Entered an ossuary
  4721 | Ossuary  | Reached skill level 1 in Dodging
  4722 | Ossuary  | Reached * piety under Trog
  5057 | D:5      | Gained mutation: You are surrounded by a mild repulsion
                  | field. (EV +2) [demonic ancestry]
  5057 | D:5      | Reached XP level 8. HP: 47/61 MP: 8/8
  5522 | D:5      | Reached skill level 6 in Axes
  5522 | D:5      | Reached skill level 5 in Armour
  5633 | D:5      | Found a white marble altar of Elyvilon.
  5975 | D:5      | Reached ** piety under Trog
  6167 | D:6      | Found a snail-covered altar of Cheibriados.
  6293 | D:6      | Found a shimmering altar of Xom.
  6422 | D:6      | Got an ichor-stained mace
  6423 | D:6      | Identified the +4 mace of Bread {drain, rF- rN+ MR+} (You
                  | found it on level 6 of the Dungeon)
  6449 | D:6      | Found a runed translucent door.
  6453 | D:6      | Found a basalt altar of Yredelemnul.
  6844 | D:7      | Reached skill level 5 in Fighting
  6945 | D:7      | Reached skill level 7 in Axes
  6962 | D:7      | Noticed a troll
  6971 | D:7      | HP: 3/62 [troll (12)]
  6971 | D:7      | Slain by a troll

Illustrated notes

Levels and vault maps discovered:
D:1:      lightli_iron_boxes, layout_basic
D:2:      minmay_angry_zag, layout_basic, makhleb_grotto_becter,
          chequers_ecumenical_altar_simple_redux, first_ration
D:3:      layout_basic, uniq_jessica
D:4:      layout_layer_cave, minmay_temple_entry_water_ring
D:5:      kennysheep_six_static_rooms, layout_basic,
          lemuel_coloured_pillars_altar, nicolae_ossuary_entry_giza
D:6:      lemuel_ice_spiral_2, layout_basic, cheibriados_altar_1,
          nicolae_overflow_crystal_walls, dk_yredelemnul_ordeal
D:7:      minmay_the_grid_plus [minmay_the_grid_doors, minmay_the_grid_tree,
          minmay_the_grid_stretched_grid, minmay_the_grid_odd_star,
          minmay_the_grid_prize_four_corners_diamond_b], layout_loops_ring,
          serial_shops, nicolae_shop_crystal, kennysheep_mini_moat,
          serial_undead, serial_undead_b, serial_undead_f, serial_undead_c,
          serial_undead_f
Temple:   eino_narrow_crystal_temple

Skill      XL: |  1  2  3  4  5  6  7  8 |
---------------+-------------------------+-----
Axes           | 2 3 4 5 7 |  7.0
Armour         | 3 4 5 |  5.6
Shields        | 3 4 |  4.4
Fighting       | 4 5 |  5.1
Stealth        | 1 |  1.4
Dodging        | 1 2 |  2.0

Action                   |  1- 3 |  4- 6 |  7- 9 || total
-------------------------+-------+-------+-------++-------
Melee: War axe           |    64 |    93 |   184 ||   341
  Use: Scroll            |       |       |    14 ||    14
       Potion            |       |       |     1 ||     1
 Stab: Sleeping          |       |       |     2 ||     2
  Eat: Chunk             |     1 |     7 |     7 ||    15
       Ration            |       |       |     1 ||     1
Armor: Scale mail        |    29 |    26 |    57 ||   112
Dodge: Dodged            |    19 |    19 |    74 ||   112
Block: Kite shield       |    31 |    57 |    85 ||   173
